[Event "Early-Titled-Tuesday-Blitz-February-06-2024"]
[Site "Chess.com"]
[Date "2024.02.06"]
[Round "5"]
[White "FairChess_on_YouTube"]
[Black "Korchmar_Vasiliy"]
[Result "1-0"]
[WhiteElo "3076"]
[BlackElo "2711"]
[TimeControl "180+1"]
[EndTime "8:53:29 PST"]
[Termination "FairChess_on_YouTube won by resignation"]

1. d4 d5 2. c4 c6 3. Nf3 Nf6 4. Qc2 Bg4 5. Ne5 Be6 6. Bf4 g6 7. e3 Nh5 8. Nc3 Nxf4 9. exf4 Bg7 10. O-O-O O-O 11. h4 f6 12. Nf3 dxc4 13. h5 Bf7 14.
hxg6 hxg6 15. f5 g5 16. Nxg5 b5 17. Qe4 Re8 18. Nxf7 Kxf7 19. Be2 Rh8 20. Qe6+ Kf8 21. Rxh8+ Bxh8 22. Bh5 1-0

[Event "Early-Titled-Tuesday-Blitz-February-06-2024"]
[Site "Chess.com"]
[Date "2024.02.06"]
[Round "5"]
[White "cthulhuuu"]
[Black "SoyuzTM4"]
[Result "1-0"]
[WhiteElo "2395"]
[BlackElo "2195"]
[TimeControl "180+1"]
[EndTime "8:53:29 PST"]
[Termination "cthulhuuu won on time"]

1. e4 c5 2. Nf3 d6 3. g3 Nf6 4. d3 g6 5. Bg2 Bg7 6. O-O O-O 7. Re1 Nc6 8. e5 dxe5 9. Nxe5 Nxe5 10.
Rxe5 Qc7 11. Bf4 Qb6 12. Nc3 Qxb2 13. Rxc5 Nd7 14. Rc7 Bxc3 15. Rb1 Qxa2 16. Rxc3 Qa5 17. Rcb3 a6 18. Bxb7 Bxb7 19. Rxb7 Nf6 20. Rxe7 Nd5 21. Bd2 Qc5 22. Rd7 a5 23. Rbb7 a4 24. Qf3 Qxc2 25.
Rxf7 1-0

[Event "Early-Titled-Tuesday-Blitz-February-06-2024"]
[Site "Chess.com"]
[Date "2024.02.06"]
[Round "5"]
[White "MIJUAREZ"]
[Black "ulises2013"]
[Result "1-0"]
[WhiteElo "2530"]
[BlackElo "2731"]
[TimeControl "180+1"]
[EndTime "8:53:32 PST"]
[Termination "MIJUAREZ won by resignation"]

1. e4 g6 2. Nc3 Bg7 3. d4 c5 4. dxc5 Bxc3+ 5. bxc3 Qa5 6. Rb1 Nc6 7. Bd3 Nf6 8. Nf3 a6 9. O-O Qxc5 10. h3 O-O 11. Qe1 d6 12. Be3 Qa5 13. Nd4 Qc7 14. Bh6 Rd8 15. Kh1 b5 16. f3 Bb7 17. Nf5 Ne5 18.
f4 Nxd3 19. cxd3 Ne8 20. Nd4 Rac8 21. Rc1 e5 22. fxe5 dxe5 23. Ne6 Qe7 24. Nxd8 Rxd8 25. Qe3 f6 26. Rc2 Rd6 27. Rcf2 Bc6 28. Qc5 Qe6 29.
d4 Bxe4 30. dxe5 Qd5 31. exf6 Kf7 32. Qa3 g5 33. Re2 Nxf6 34. Rxe4 Kg6 35. Rd4 b4 36.
Qxb4 1-0

[Event "Early-Titled-Tuesday-Blitz-February-06-2024"]
[Site "Chess.com"]
[Date "2024.02.06"]
[Round "5"]
[White "HanSchut"]
[Black "EsmeraldasAnderson03"]
[Result "0-1"]
[WhiteElo "2253"]
[BlackElo "2415"]
[TimeControl "180+1"]
[EndTime "8:53:33 PST"]
[Termination "EsmeraldasAnderson03 won by resignation"]

1. e4 c5 2. Nf3 d6 3. d4 cxd4 4. Nxd4 Nf6 5. f3 e5 6. Bb5+ Nbd7 7. Nf5 Qb6 8. c4 g6 9. Be3 Qa5+ 10. Bd2 Qc7 11.
Bg5 gxf5 12. Bxf6 Rg8 13. Nc3 Rxg2 14. Nd5 Qc5 15. Rf1 a5 16. Bh4 Bh6 17. Nf6+ Kf8 18. Bxd7 Qe3+ 0-1

[Event "Early-Titled-Tuesday-Blitz-February-06-2024"]
[Site "Chess.com"]
[Date "2024.02.06"]
[Round "5"]
[White "SouS007"]
[Black "KaterynaLagno"]
[Result "1-0"]
[WhiteElo "2522"]
[BlackElo "2801"]
[TimeControl "180+1"]
[EndTime "8:53:36 PST"]
[Termination "SouS007 won by resignation"]

1. e4 e5 2. Nf3 Nc6 3. Bb5 a6 4. Ba4 d6 5. c3 Bd7 6. O-O g6 7. d4 Bg7 8. Bg5 Nf6 9. Re1 b5 10. Bc2 h6 11. Bh4 O-O 12. Nbd2 g5 13. Bg3 Nh5 14.
Nxe5 Nxe5 15. Bxe5 dxe5 16. Qxh5 exd4 17. e5 dxc3 18.
bxc3 Qe7 19. Rad1 Bc6 20. Nb3 Rad8 21. Nd4 Bd7 22. e6 Bxe6 23. Nc6 Qf6 24. Nxd8 Rxd8 25. Rxd8+ Qxd8 26. Qf3 Qd2 27. Qa8+ Bf8 28. Qe4 Bg7 29. Rd1 1-0

[Event "Early-Titled-Tuesday-Blitz-February-06-2024"]
[Site "Chess.com"]
[Date "2024.02.06"]
[Round "5"]
[White "ChessSwole"]
[Black "atalz0"]
[Result "1-0"]
[WhiteElo "2684"]
[BlackElo "2474"]
[TimeControl "180+1"]
[EndTime "8:53:45 PST"]
[Termination "ChessSwole won on time"]

1. e4 c6 2. d4 d5 3. e5 c5 4.
dxc5 e6 5. a3 Bxc5 6. Qg4 Ne7 7.
Nf3 Nbc6 8. b4 h5 9. Qxg7 Rg8 10.
Qh7 Bd4 11. c3 Bxe5 12. b5 Qa5 13. Bd2 Qb6 14. Qc2 Nd4 15. cxd4 Bxd4 16. Nxd4 Qxd4 17. Nc3 Bd7 18. Be3 Qe5 19. Qd2 Rc8 20. Qd4 Qd6 21.
Ne4 Qc7 22. Nf6+ Kf8 23. Bh6+ 1-0

[Event "Early-Titled-Tuesday-Blitz-February-06-2024"]
[Site "Chess.com"]
[Date "2024.02.06"]
[Round "5"]
[White "jlmanzanares"]
[Black "tylityli"]
[Result "0-1"]
[WhiteElo "2027"]
[BlackElo "2239"]
[TimeControl "180+1"]
[EndTime "8:53:51 PST"]
[Termination "tylityli won by resignation"]

1. e4 e5 2. Nf3 Nc6 3. Bb5 a6 4. Ba4 Nf6 5. O-O Be7 6. Re1 b5 7. Bb3 d6 8. d3 O-O 9. c3 Be6 10. h3 Bxb3 11. axb3 a5 12. Nbd2 Re8 13. Nf1 Bf8 14.
g3 d5 15. Bg5 d4 16. c4 bxc4 17. bxc4 Rb8 18. Qa4 Qd6 19. b3 Rb4 20. Qa2 Reb8 21. N1d2 Nd7 22. Qc2 h6 23. h4 hxg5 24. hxg5 g6 25.
Kg2 Bg7 26. Rh1 Nc5 27. Rh4 Nxb3 28. Nxb3 Rxb3 29. Rah1 a4 30. Nd2 Rb2 31. Qd1 a3 32. Qg4 Qe6 33. Qxe6 fxe6 34. Nf3 a2 35. Rh7 Rb1 0-1

[Event "Early-Titled-Tuesday-Blitz-February-06-2024"]
[Site "Chess.com"]
[Date "2024.02.06"]
[Round "5"]
[White "Msb2"]
[Black "Drags95"]
[Result "1-0"]
[WhiteElo "3009"]
[BlackElo "2840"]
[TimeControl "180+1"]
[EndTime "8:53:52 PST"]
[Termination "Msb2 won by resignation"]

1. d4 Nf6 2. c4 e6 3. Nc3 Bb4 4. e3 O-O 5. Bd2 d5 6. Nf3 b6 7.
cxd5 exd5 8. Rc1 Re8 9. Ne5 Bb7 10. Bd3 Bf8 11. f4 c5 12. g4 Ne4 13. Nxe4 dxe4 14. Bc4 Bd5 15. Qb3 Bxc4 16. Qxc4 Qc7 17. dxc5 bxc5 18. Qxe4 Nd7 19. Bc3 Nxe5 20. fxe5 Qb6 21.
O-O Qe6 22. b3 Rad8 23. Qc4 Qg6 24. h3 Rd3 25. Rxf7 Qxf7 26. Qxd3 Qf3 27. Qc4+ Kh8 28. Qf4 Qxh3 29. Rf1 Be7 30. e6 h6 31. Bxg7+ 1-0

[Event "Early-Titled-Tuesday-Blitz-February-06-2024"]
[Site "Chess.com"]
[Date "2024.02.06"]
[Round "5"]
[White "rezamahdavi2008"]
[Black "M1711"]
[Result "1-0"]
[WhiteElo "2868"]
[BlackElo "2655"]
[TimeControl "180+1"]
[EndTime "8:53:53 PST"]
[Termination "rezamahdavi2008 won by resignation"]

1. e4 c6 2. d4 d5 3. e5 Bf5 4.
Nc3 e6 5. g4 Bg6 6. Nge2 c5 7.
h4 cxd4 8. Nxd4 h5 9. f4 hxg4 10.
Bb5+ Nd7 11. f5 Rxh4 12. Rf1 exf5 13. e6 fxe6 14. Qe2 Bf7 15. Nxe6 Bxe6 16. Qxe6+ Ne7 17. Rxf5 Rh1+ 18. Ke2 Rh2+ 19. Kf1 Qc8 20. Bxd7+ Qxd7 21. Rxf8+ Kxf8 22. Qxd7 Re8 23. Kg1 Rh5 24. Bg5 Rxg5 25. Rf1+ Rf5 26. Rxf5+ Nxf5 27. Qxf5+ Kg8 28. Nxd5 Rf8 29.
Ne7+ 1-0

[Event "Early-Titled-Tuesday-Blitz-February-06-2024"]
[Site "Chess.com"]
[Date "2024.02.06"]
[Round "5"]
[White "AA95"]
[Black "baki83"]
[Result "0-1"]
[WhiteElo "2504"]
[BlackElo "2798"]
[TimeControl "180+1"]
[EndTime "8:53:56 PST"]
[Termination "baki83 won on time"]

1. Nf3 d5 2. d4 Nf6 3. c4 dxc4 4. Nc3 a6 5. a4 Nc6 6. h3 Bf5 7. a5 e5 8. e4 Nxe4 9. Bxc4 Bb4 10. O-O O-O 11.
d5 Nxa5 12. Nxe4 Bxe4 13. Be2 Qxd5 14. Qa4 c5 15. Rd1 Qb3 16. Nxe5 Qxa4 17. Rxa4 Bc2 18.
Rxb4 cxb4 19. Rd7 Bf5 20. Re7 Rae8 21. Rxe8 Rxe8 22. Bf4 f6 23. Bg4 fxe5 0-1

[Event "Early-Titled-Tuesday-Blitz-February-06-2024"]
[Site "Chess.com"]
[Date "2024.02.06"]
[Round "5"]
[White "CristianS27"]
[Black "FaustinoOro"]
[Result "0-1"]
[WhiteElo "2574"]
[BlackElo "2773"]
[TimeControl "180+1"]
[EndTime "8:53:57 PST"]
[Termination "FaustinoOro won by resignation"]

1. e4 e5 2. Nf3 Nc6 3. Bc4 Bc5 4. c3 Nf6 5. d4 exd4 6. cxd4 Bb4+ 7. Nc3 Nxe4 8. O-O Bxc3 9. d5 Ne5 10. bxc3 Nxc4 11. Qd4 O-O 12. Qxe4 Nd6 13. Qd3 a5 14. Re1 b6 15.
Ng5 f5 16. Bf4 Ba6 17. Qg3 h6 18. Bxd6 cxd6 19. Nf3 Qf6 20. Nd4 Bc4 21. Qf3 b5 22. a3 Rab8 23. h3 Qf7 24. Qg3 f4 25. Qh4 Bxd5 26. Re7 Qg6 27. f3 Rf7 28. Rae1 Qg5 29.
Rxf7 Qxh4 0-1

[Event "Early-Titled-Tuesday-Blitz-February-06-2024"]
[Site "Chess.com"]
[Date "2024.02.06"]
[Round "5"]
[White "marsofsilva"]
[Black "Rawnsdale"]
[Result "0-1"]
[WhiteElo "2067"]
[BlackElo "2514"]
[TimeControl "180+1"]
[EndTime "8:53:57 PST"]
[Termination "Rawnsdale won on time"]

1. e4 c6 2. d4 d5 3. exd5 cxd5 4. c4 Nf6 5. Nc3 Nc6 6. Nf3 Be6 7. Ng5 Bg4 8. Qb3 Na5 9. Qb5+ Bd7 10. Qb4 e5 11. c5 Nc6 12. Qxb7 Rb8 13. Qa6 Nb4 14. Qe2 e4 15.
Bf4 Nd3+ 16. Kd1 Nxf4 17. Qe3 Ne6 18. Nxe6 fxe6 19. Kc1 Be7 20. f3 exf3 21. gxf3 O-O 22. Bd3 Nh5 23. Rg1 Nf4 24. Bc2 Bg5 25. h4 Ne2+ 0-1

[Event "Early-Titled-Tuesday-Blitz-February-06-2024"]
[Site "Chess.com"]
[Date "2024.02.06"]
[Round "5"]
[White "bescmelasti"]
[Black "Sina_Movahed"]
[Result "0-1"]
[WhiteElo "2685"]
[BlackElo "3016"]
[TimeControl "180+1"]
[EndTime "8:53:59 PST"]
[Termination "Sina_Movahed won by resignation"]

1. e4 c5 2. Nf3 d6 3. d4 cxd4 4. Nxd4 Nf6 5. Nc3 g6 6. Be3 a6 7. f3 h5 8. Qd2 Nbd7 9. Be2 Bg7 10. O-O O-O 11. Bh6 Bxh6 12. Qxh6 Qb6 13. Qd2 e5 14. Rfd1 Rd8 15. Na4 Qxd4+ 16. Qxd4 exd4 17. Rxd4 b5 18. Nc3 Ne5 19. Rad1 Be6 20. Rxd6 Rxd6 21. Rxd6 Kf8 22.
f4 Ned7 23. e5 Ne8 24. Rd4 Rc8 25. Bf3 Rc7 26. a4 bxa4 27. Rxa4 Nc5 28. Ra5 Ng7 29.
Kf2 Nf5 30. Ne2 Bc4 31. b3 Bxe2 32. Kxe2 Nd4+ 33. Kd2 Ndxb3+ 0-1

[Event "Early-Titled-Tuesday-Blitz-February-06-2024"]
[Site "Chess.com"]
[Date "2024.02.06"]
[Round "5"]
[White "xakevicius91"]
[Black "ChessSG1"]
[Result "1-0"]
[WhiteElo "2608"]
[BlackElo "2430"]
[TimeControl "180+1"]
[EndTime "8:54:01 PST"]
[Termination "xakevicius91 won on time"]

1. e4 c5 2. Nf3 e6 3. b3 d6 4. Bb2 Nf6 5. Nc3 Nc6 6. d4 cxd4 7. Nxd4 Be7 8. Qd2 Nxd4 9. Qxd4 Bd7 10. f3 a6 11. g4 h6 12. O-O-O Rc8 13. Kb1 O-O 14.
h4 d5 15. g5 Bc5 16. Qd2 Nh5 17. exd5 Ng3 18. Rh2 Nxf1 19. Rxf1 e5 20. gxh6 g6 21.
Ne4 Bf5 22. Rg2 Bd6 23. h5 Kh7 24. hxg6+ fxg6 25. Rfg1 Bxe4 26. fxe4 Qf6 27. a4 g5 28.
Rxg5 Rg8 29. Rg7+ Rxg7 30. hxg7 Kg8 31. Qg5 Qxg5 32. Rxg5 Rc7 33. Bxe5 Bxe5 34. Rxe5 Kxg7 35. Re6 Kf7 36. c4 b5 37. axb5 axb5 38. Rc6 Rb7 39.
c5 1-0

[Event "Early-Titled-Tuesday-Blitz-February-06-2024"]
[Site "Chess.com"]
[Date "2024.02.06"]
[Round "5"]
[White "pfalcon1949"]
[Black "Rosh1610"]
[Result "0-1"]
[WhiteElo "1954"]
[BlackElo "2357"]
[TimeControl "180+1"]
[EndTime "8:54:03 PST"]
[Termination "Rosh1610 won by resignation"]

1. e4 Nc6 2. Nc3 Nf6 3. g3 e5 4.
Bg2 Bc5 5. Nge2 O-O 6. d3 d6 7.
O-O h6 8. Be3 Bg4 9. Qd2 Bxe3 10. Qxe3 Bxe2 11. Nxe2 d5 12. Rad1 dxe4 13. dxe4 Qe7 14. c3 Rad8 15. h3 Rxd1 16. Rxd1 Rd8 17. Rd2 Rd6 18. g4 Qd7 19. Rxd6 Qxd6 20. Ng3 Qd1+ 21.
Kh2 Qc2 22. Qe2 Qb1 23. a3 a6 24. Nf5 Kh7 25. h4 g6 26. Nxh6 Kxh6 27. g5+ Kg7 28. gxf6+ Kxf6 29. h5 gxh5 30. Qxh5 Qxb2 31. Qf5+ Ke7 32.
Bh3 Qd2 33. Qg5+ Qxg5 0-1

[Event "Early-Titled-Tuesday-Blitz-February-06-2024"]
[Site "Chess.com"]
[Date "2024.02.06"]
[Round "5"]
[White "Sanyura"]
[Black "Vaathi_Coming"]
[Result "0-1"]
[WhiteElo "2677"]
[BlackElo "2939"]
[TimeControl "180+1"]
[EndTime "8:54:04 PST"]
[Termination "Vaathi_Coming won on time"]

1. e4 e5 2. Nf3 Nc6 3. Bb5 Bc5 4.
c3 Nf6 5. O-O O-O 6. d4 Bb6 7.
dxe5 Nxe4 8. Bd3 d5 9. exd6 Nxd6 10. Bg5 f6 11. Bf4 Bg4 12. Nbd2 Ne5 13. Be2 Ng6 14. Bg3 Nf5 15. Bc4+ Kh8 16. Qc2 Nxg3 17. hxg3 Qd6 18. Ne4 Qc6 19. Bd3 Rad8 20. Rad1 f5 21. Neg5 h6 22. Nh3 Bxh3 0-1

[Event "Early-Titled-Tuesday-Blitz-February-06-2024"]
[Site "Chess.com"]
[Date "2024.02.06"]
[Round "5"]
[White "mjray79"]
[Black "Shushik"]
[Result "1-0"]
[WhiteElo "2727"]
[BlackElo "2538"]
[TimeControl "180+1"]
[EndTime "8:54:04 PST"]
[Termination "mjray79 won by resignation"]

1. Nf3 Nf6 2. d4 d5 3. c4 e6 4.
Nc3 dxc4 5. e4 b5 6. e5 Nd5 7.
Nxb5 Nb6 8. Be2 Nc6 9. O-O Be7 10.
Be3 O-O 11. Qb1 Rb8 12. Qe4 Nb4 13. Rfc1 Ba6 14. a4 Nxa4 15. Rxa4 Bxb5 16. Rxa7 Nc6 17.
Raa1 Qd5 18. Qg4 Kh8 19. Nd2 Ra8 20. Rxa8 Rxa8 21. Nxc4 Nb4 22. Bf3 Qd8 23. Bxa8 Qxa8 24. Na3 Bc6 25. Bg5 Nd3 26. Rc3 Bxg5 27. Qxg5 Nxb2 28.
Rxc6 h6 29. Qc1 Nd3 30. Qc3 1-0

[Event "Early-Titled-Tuesday-Blitz-February-06-2024"]
[Site "Chess.com"]
[Date "2024.02.06"]
[Round "5"]
[White "Muracle"]
[Black "Ducke13"]
[Result "1-0"]
[WhiteElo "2482"]
[BlackElo "2290"]
[TimeControl "180+1"]
[EndTime "8:54:05 PST"]
[Termination "Muracle won on time"]

1. d4 Nf6 2. g3 g6 3. Bg2 c5 4.
Nf3 Bg7 5. O-O cxd4 6. Nxd4 O-O 7. c4 Nc6 8. Nc3 Ng4 9. Nxc6 dxc6 10. Bd2 Be6 11.
b3 Qc7 12. Qc2 Rad8 13. Rad1 Qe5 14. e3 Qh5 15. h3 Ne5 16. f4 Nd3 17. g4 Qh4 18.
Ne4 h5 19. Bc3 hxg4 20. hxg4 f5 21. Ng5 Nc5 22. Bxg7 Kxg7 23. b4 1-0

[Event "Early-Titled-Tuesday-Blitz-February-06-2024"]
[Site "Chess.com"]
[Date "2024.02.06"]
[Round "5"]
[White "cthake"]
[Black "Aash20"]
[Result "0-1"]
[WhiteElo "1789"]
[BlackElo "2465"]
[TimeControl "180+1"]
[EndTime "8:54:07 PST"]
[Termination "Aash20 won on time"]

1. e4 c5 2. Nc3 g6 3. f4 Bg7 4.
Nf3 Nc6 5. Bc4 e6 6. O-O Nge7 7.
Qe1 O-O 8. d3 d5 9. Bb3 Nd4 10.
Nxd4 cxd4 11. Ne2 dxe4 12. dxe4 d3 13. Nc3 dxc2 14. Bxc2 Bd7 15. Kh1 Bc6 16. Be3 Qa5 17. Rd1 Rfe8 18. f5 exf5 19. exf5 Bxc3 20. bxc3 Nd5 21.
fxg6 hxg6 22. Rd3 Nxe3 23. Rxe3 Rxe3 24. Qxe3 Qd5 25. Qg3 Rf8 26. Bxg6 Qxg2+ 27. Qxg2 Bxg2+ 28. Kxg2 fxg6 29. Rd1 Rc8 30. Rd3 Rc7 31. Kg3 Kg7 32. h4 Kh6 33. a3 Rc4 34. Re3 b6 35. Rd3 Ra4 36. Rd6 Rxa3 37. Rc6 b5 38. Kg4 a6 0-1

[Event "Early-Titled-Tuesday-Blitz-February-06-2024"]
[Site "Chess.com"]
[Date "2024.02.06"]
[Round "5"]
[White "OK97"]
[Black "chegueps"]
[Result "0-1"]
[WhiteElo "2817"]
[BlackElo "2652"]
[TimeControl "180+1"]
[EndTime "8:54:10 PST"]
[Termination "chegueps won by resignation"]

1. e4 Nf6 2. e5 Nd5 3. d4 d6 4. c4 Nb6 5. f4 dxe5 6. fxe5 c5 7.
d5 g6 8. Nc3 Bg7 9. Nf3 O-O 10.
Be3 Bg4 11. Qd2 N8d7 12. e6 fxe6 13. Ng5 exd5 14. cxd5 Ne5 15. b3 c4 16. h3 Bf5 17.
Ne6 Bxe6 18. dxe6 Nd3+ 19. Bxd3 Qxd3 20. Qxd3 cxd3 21. Kd2 Rac8 22. Rac1 Rc6 23. Bxb6 Rxb6 24. Kxd3 Rd8+ 25. Kc2 Rc6 26. Kb2 Rd2+ 0-1

[Event "Early-Titled-Tuesday-Blitz-February-06-2024"]
[Site "Chess.com"]
[Date "2024.02.06"]
[Round "5"]
[White "Barmen_EV"]
[Black "MikaelyanArman"]
[Result "0-1"]
[WhiteElo "2508"]
[BlackElo "2873"]
[TimeControl "180+1"]
[EndTime "8:54:12 PST"]
[Termination "MikaelyanArman won by checkmate"]

1. e4 a6 2. a3 b5 3. a4 Bb7 4.
axb5 axb5 5. Rxa8 Bxa8 6. Bxb5 Bxe4 7. Nf3 Nf6 8. Nc3 Bb7 9. O-O e6 10. d4 Be7 11. Re1 O-O 12. Bf4 Bd6 13. Ne5 Nc6 14.
Bxc6 dxc6 15. Qf3 Nd5 16. Nxd5 cxd5 17. Qg3 Qf6 18. c3 Ra8 19. h4 h6 20. Re3 Qf5 21. Bxh6 Bf8 22. Rf3 Ra1+ 23. Kh2 Qb1 24. Qg4 Qh1+ 25.
Kg3 Rg1 26. Qh3 Qxh3+ 27. Kxh3 Rh1+ 28. Kg4 f5+ 29. Kh5 gxh6 30. Kg6 Bg7 31. Nf7 Rxh4 32. Rg3 Bc6 33. Nd8 Be8+ 34. Nf7 Bxf7# 0-1

[Event "Early-Titled-Tuesday-Blitz-February-06-2024"]
[Site "Chess.com"]
[Date "2024.02.06"]
[Round "5"]
[White "Herman-NY"]
[Black "MyDream003"]
[Result "1-0"]
[WhiteElo "2515"]
[BlackElo "2739"]
[TimeControl "180+1"]
[EndTime "8:54:14 PST"]
[Termination "Herman-NY won by resignation"]

1. e4 c5 2. Nf3 d6 3. d4 cxd4 4. Nxd4 Nf6 5. Nc3 a6 6. Bc4 e6 7. a3 Be7 8. Ba2 Qc7 9. g4 Nc6 10. g5 Ng8 11. Be3 Bd7 12. f4 Rc8 13. Qd2 h6 14. g6 Bh4+ 15. Bf2 Bxf2+ 16. Qxf2 Nf6 17.
gxf7+ Kxf7 18. O-O-O Nxd4 19. Rxd4 Bc6 20. f5 Bd7 21.
Rhd1 Qc5 22. fxe6+ Bxe6 23. Bxe6+ Kxe6 24. Rxd6+ Qxd6 25. Qf5+ Ke7 26. Rxd6 Kxd6 27. e5+ Ke7 28. exf6+ gxf6 29. Nd5+ Kd6 30. b3 Rhf8 31. Nxf6 Kc6 32. Qe6+ Kc5 33.
Nd7+ Kd4 34. Nxf8 Kc3 1-0

[Event "Early-Titled-Tuesday-Blitz-February-06-2024"]
[Site "Chess.com"]
[Date "2024.02.06"]
[Round "5"]
[White "Barath1308"]
[Black "atomicmate123"]
[Result "1-0"]
[WhiteElo "2404"]
[BlackElo "2167"]
[TimeControl "180+1"]
[EndTime "8:54:15 PST"]
[Termination "Barath1308 won by resignation"]

1. Nf3 d5 2. g3 c5 3. Bg2 Nc6 4. O-O Nf6 5. b3 Bf5 6. Bb2 e6 7. d3 Be7 8. Nbd2 h6 9. Ne5 Qc7 10. Ndf3 O-O 11. Nxc6 bxc6 12. e3 Rab8 13. Ne5 Bd6 14.
f4 Bxe5 15. Bxe5 Qa5 16. Bxb8 Rxb8 17. Qe2 Qc3 18. Rad1 Bg4 19. Bf3 Bh3 20. Rf2 Rb6 21. Qd2 Qb2 22. Qa5 Ng4 23. Re2 d4 24. c4 Qc3 25.
Qxc3 dxc3 26. Rc1 a5 27. Rxc3 a4 28. d4 axb3 29. Rxb3 Ra6 30. dxc5 Ra7 31. Bxc6 Rc7 32. Rb6 Kh7 33. a4 e5 34. a5 exf4 35. exf4 Ra7 36. a6 Nf6 37. Bb5 Nd7 38. Rb7 Rxb7 39. axb7 Nb8 40. Re8 1-0

[Event "Early-Titled-Tuesday-Blitz-February-06-2024"]
[Site "Chess.com"]
[Date "2024.02.06"]
[Round "5"]
[White "The_Straightforward_Rook"]
[Black "chezzgirl04"]
[Result "1-0"]
[WhiteElo "2390"]
[BlackElo "2171"]
[TimeControl "180+1"]
[EndTime "8:54:16 PST"]
[Termination "The_Straightforward_Rook won by resignation"]

1. e4 e5 2. Nf3 Nc6 3. Bc4 Bc5 4. d3 Nf6 5. Bg5 d6 6. c3 O-O 7. Nbd2 Be6 8. b4 Bb6 9. a4 h6 10. Bh4 g5 11. Nxg5 hxg5 12. Bxg5 Kg7 13. a5 Bxf2+ 14. Kxf2 Ng4+ 15. Qxg4 Bxg4 16. Bxd8 Rfxd8 17.
a6 bxa6 18. Bd5 Bd7 19. Rxa6 Nb8 20. Rxd6 cxd6 21. Bxa8 Na6 22. Bd5 Nc7 23. c4 Nxd5 24. exd5 Bf5 25. Ke3 Rb8 26. b5 Bg6 27. Ra1 Rb7 28.
Ra6 Rd7 29. Ne4 f5 30. Nxd6 f4+ 31. Kd2 Kg8 32. Ne4 Bxe4 33. dxe4 Rg7 34. g3 Rh7 35. gxf4 Rxh2+ 36. Ke3 Rh3+ 37. Kf2 exf4 38. Rxa7 Re3 39.
Re7 Rc3 40. Rc7 Re3 41. b6 Rxe4 42. b7 Re8 43. Rc8 Kf7 44. b8=Q Rxc8 45. Qxc8 1-0

[Event "Early-Titled-Tuesday-Blitz-February-06-2024"]
[Site "Chess.com"]
[Date "2024.02.06"]
[Round "5"]
[White "falzehope0"]
[Black "Ariadna_Atreides"]
[Result "1-0"]
[WhiteElo "2361"]
[BlackElo "2168"]
[TimeControl "180+1"]
[EndTime "8:54:16 PST"]
[Termination "falzehope0 won on time"]

1. d4 Nf6 2. e3 e6 3. Bd3 b6 4. f4 Bb7 5. Nf3 c5 6. O-O Be7 7. Nbd2 O-O 8. c3 d5 9. Ne5 Ne4 10. Qg4 f5 11. Qh3 Nd7 12. g4 Nxe5 13. fxe5 Qe8 14.
gxf5 exf5 15. Nxe4 fxe4 16. Rxf8+ Bxf8 17. Bf1 Qg6+ 18. Qg3 Qxg3+ 19. hxg3 c4 20. b3 b5 21. a4 bxa4 22.
bxc4 Rc8 23. c5 Bc6 24. c4 dxc4 25. Bxc4+ Kh8 26. d5 Bxc5 27. dxc6 Rxc6 28. Bd5 Rc7 29. Ba3 Bxe3+ 30. Kg2 Bd4 31. Rf1 Rc2+ 32. Kh3 h6 33. Rf8+ Kh7 34. Bxe4+ 1-0

[Event "Early-Titled-Tuesday-Blitz-February-06-2024"]
[Site "Chess.com"]
[Date "2024.02.06"]
[Round "5"]
[White "Kildepiotr"]
[Black "SHIVACalypso"]
[Result "1-0"]
[WhiteElo "2684"]
[BlackElo "2511"]
[TimeControl "180+1"]
[EndTime "8:54:18 PST"]
[Termination "Kildepiotr won by resignation"]

1. Nf3 Nf6 2. g3 g6 3. Bg2 Bg7 4. O-O O-O 5. d4 d5 6. c4 c6 7. Nc3 dxc4 8. a4 a5 9. e3 Na6 10. Ne5 Be6 11. Qe2 Nb4 12. Nxc4 Nfd5 13. Bd2 Qd7 14.
Ne4 Bh3 15. Nc5 Qc8 16. Bxh3 Qxh3 17. Nxb7 Nf6 18. f3 Nh5 19. g4 Nc2 20. gxh5 Nxa1 21. Rxa1 gxh5 22. Nbxa5 Kh8 23. Kh1 Rg8 24. Nxc6 Bf6 25.
N6e5 Rg7 26. a5 Rag8 27. a6 Bxe5 28. Nxe5 f6 29. a7 Qc8 30. Ng4 Qa8 31. Nh6 Rc8 32. e4 Rc7 33. Qb5 Rg6 34. Qb8+ Rc8 35. Qxc8+ Qxc8 36. a8=Q 1-0

[Event "Early-Titled-Tuesday-Blitz-February-06-2024"]
[Site "Chess.com"]
[Date "2024.02.06"]
[Round "5"]
[White "jaskol95"]
[Black "Talent-OF-Slovenia"]
[Result "0-1"]
[WhiteElo "2595"]
[BlackElo "2458"]
[TimeControl "180+1"]
[EndTime "8:54:19 PST"]
[Termination "Talent-OF-Slovenia won by checkmate"]

1. e4 c5 2. Nf3 e6 3. b4 cxb4 4. d4 d5 5. e5 Nc6 6. a3 bxa3 7.
c3 Nge7 8. Nxa3 Ng6 9. Bd3 Be7 10.
Nc2 Qc7 11. Bd2 Bd7 12. h4 h5 13. Ng5 Nf8 14. Qf3 f6 15. exf6 gxf6 16. Nh3 e5 17. Qg3 O-O-O 18. O-O Ne6 19. Bf5 Rhg8 20. Qd3 e4 21.
Qe2 Ng7 22. Bxd7+ Qxd7 23. Nf4 Nf5 24. Nb4 Bxb4 25. cxb4 Ncxd4 26. Qd1 Nxh4 27. Qc1+ Kb8 28. Nxh5 Rxg2+ 29. Kh1 Qh3# 0-1

[Event "Early-Titled-Tuesday-Blitz-February-06-2024"]
[Site "Chess.com"]
[Date "2024.02.06"]
[Round "5"]
[White "dropstoneDP"]
[Black "gmcorrales"]
[Result "1-0"]
[WhiteElo "3021"]
[BlackElo "2861"]
[TimeControl "180+1"]
[EndTime "8:54:21 PST"]
[Termination "dropstoneDP won by resignation"]

1. e4 e5 2. Nf3 Nf6 3. Nxe5 d6 4. Nf3 Nxe4 5. d4 d5 6. Bd3 Bd6 7. O-O O-O 8. c4 c6 9. Qc2 Re8 10. Nc3 Bf5 11. Re1 Na6 12. a3 Bg4 13. Ne5 Bxe5 14.
dxe5 Nac5 15. f3 Nxd3 16. Qxd3 Nxc3 17. bxc3 Be6 18. cxd5 Qxd5 19. Qxd5 Bxd5 20. a4 b6 21. a5 b5 22. a6 h6 23. Kf2 Kh7 24. g4 Be6 25.
Be3 Red8 26. Red1 Rxd1 27. Rxd1 Bd5 28. f4 Kg8 29. f5 Kf8 30. h4 Ke7 31. h5 Kd7 32.
Kg3 Rg8 33. Ra1 g6 34. hxg6 fxg6 35. f6 g5 36. Bxa7 Ra8 37. Bd4 Ke6 38. a7 Be4 39. Rf1 Bg6 40. f7 Bxf7 41. Rf6+ Ke7 42. Bc5+ Ke8 43.
e6 1-0

[Event "Early-Titled-Tuesday-Blitz-February-06-2024"]
[Site "Chess.com"]
[Date "2024.02.06"]
[Round "5"]
[White "NFChess13"]
[Black "noblerone"]
[Result "1-0"]
[WhiteElo "2661"]
[BlackElo "2460"]
[TimeControl "180+1"]
[EndTime "8:54:23 PST"]
[Termination "NFChess13 won by resignation"]

1. b3 d5 2. Bb2 Nf6 3. Nf3 c5 4. e3 Nc6 5. Bb5 Bd7 6. O-O e6 7. Re1 Be7 8. Bf1 O-O 9. d3 Bd6 10. Nbd2 e5 11. e4 d4 12. Nc4 Qe7 13. a4 b6 14. g3 Rab8 15. Bg2 a6 16. Bc1 b5 17.
axb5 axb5 18. Na5 Nxa5 19. Rxa5 c4 20. Bd2 Rfe8 21. bxc4 bxc4 22. dxc4 Rbc8 23. Bf1 Bg4 24. h3 Bd7 25. Kh2 Qd8 26. Bd3 Ra8 27. Qa1 Rxa5 28.
Qxa5 Qc8 29. Bf1 Qc6 30. Bd3 h6 31. Nh4 Qc8 32. Nf5 Bxf5 33. exf5 e4 34. Bf1 Qxf5 35. Qxf5 1-0

[Event "Early-Titled-Tuesday-Blitz-February-06-2024"]
[Site "Chess.com"]
[Date "2024.02.06"]
[Round "5"]
[White "vishwa_vijeta"]
[Black "AlexeiShirov"]
[Result "0-1"]
[WhiteElo "2566"]
[BlackElo "2782"]
[TimeControl "180+1"]
[EndTime "8:54:24 PST"]
[Termination "AlexeiShirov won by resignation"]

1. e4 e5 2. Nf3 Nc6 3. d4 exd4 4. Bc4 Bc5 5. c3 Nf6 6. e5 d5 7. Bb5 Ne4 8. cxd4 Bb6 9. Nc3 O-O 10. O-O Bg4 11.
Be3 f6 12. exf6 Nxf6 13. h3 Bxf3 14. Qxf3 Nxd4 15. Bxd4 Bxd4 16. Rad1 Ne4 17. Qh5 Bxf2+ 18. Rxf2 Nxf2 19. Rxd5 Qf6 20. Bc4 Kh8 21. Bb3 Rae8 22. Ne2 Nxh3+ 23. Qxh3 Rxe2 24. Rh5 h6 25. Bd5 c6 26.
Bf3 Rxb2 27. Qg4 Rb5 28. Rxb5 cxb5 29. Qd7 b4 0-1